[Event "Titled Tuesday Blitz December 20 Early 2022"]
[White "Firouzja, Alireza"]
[Black "Schless, Sebastian"]
[WhiteFideId "12573981"]
[BlackFideId "4697987"]
[WhiteElo "2785"]
[BlackElo "2056"]
[Result "1/2-1/2"]
[Round "08"]
[TimeControl "180+2"]
[Date "2022.12.20"]
[WhiteClock "0:00:08"]
[BlackClock "0:00:13"]

1. e4 c5 2. Nf3 Nc6 3. Bb5 e6 4. Bxc6 bxc6 5. b3 d6 6. e5 d5 7. O-O Ne7 8. Ba3 Ng6 9. Nc3 f6 10. exf6 Qxf6 11. Na4 e5 12. Re1 Bg4 13. h3 Bxf3 14. Qxf3 Qxf3 15. gxf3 Bd6 16. Bxc5 Kd7 17. d4 exd4 18. Bxd4 Nh4 19. Re3 Nf5 20. c3 Nxe3 21. fxe3 Rhf8 22. Kf2 g5 23. Ke2 Rf5 24. b4 h5 25. Rg1 Kc7 26. f4 gxf4 27. Rg7+ Kd8 28. exf4 Ke8 29. Nc5 a5 30. Rg8+ Rf8 31. Rg6 Bxf4 32. Re6+ Kf7 33. Rf6+ Ke7 34. Re6+ Kf7 35. Rf6+ Ke7 36. Re6+ Kf7 1/2-1/2


[Site "https://www.chess.com"]

[Event "Titled Tuesday Blitz December 20 Early 2022"]
[White "Flawless_Fighter"]
[Black "Luks, Artur"]
[BlackFideId "21808856"]
[WhiteElo "2622"]
[BlackElo "1577"]
[Result "1-0"]
[Round "08"]
[TimeControl "180+2"]
[Date "2022.12.20"]
[WhiteClock "0:00:15"]
[BlackClock "0:00:01"]

1. d4 d5 2. Nf3 Nf6 3. Bf4 c5 4. e3 Nc6 5. Nbd2 e6 6. c3 Bd6 7. Bg3 O-O 8. Bd3 Qe7 9. Ne5 Qc7 10. f4 b6 11. Qf3 a5 12. a4 Ba6 13. Bxa6 Rxa6 14. Bh4 Nd7 15. O-O f6 16. Nxc6 Qxc6 17. c4 Raa8 18. Nb3 Rac8 19. cxd5 Qxd5 20. Qxd5 exd5 21. dxc5 Nxc5 22. Nd4 Rfe8 23. Bf2 Nd3 24. b3 Bc5 25. Rad1 Nxf2 26. Kxf2 Bxd4 27. Rxd4 Rc2+ 28. Kf3 Rc3 29. Re1 Rxb3 30. Rxd5 Re7 31. g4 h6 32. h4 Kf7 33. h5 Rb4 34. Rd6 Rxa4 35. Rxb6 Ra3 36. Ra6 Kg8 37. Kf2 Ra2+ 38. Re2 Ra3 39. e4 Ra4 40. Kf3 Kf7 41. Re3 Kg8 42. Ra8+ Kf7 43. e5 fxe5 44. fxe5 Ke6 45. Ra6+ Kf7 46. Kg3 Rc7 47. Rf3+ Ke7 48. Rg6 Ke8 49. Re6+ Re7 50. Rg6 Re4 51. Rf5 R4xe5 52. Rxe5 Rxe5 53. Rxg7 Re6 54. Ra7 Kf8 55. Rxa5 Kg7 56. Kf4 Kf6 57. Rf5+ Kg7 58. Rb5 Rc6 59. Kf5 Rc7 60. Rb6 Rf7+ 61. Ke5 Re7+ 62. Re6 Rf7 63. Rg6+ Kh7 64. Ke6 Rf4 65. Ke5 Rf7 66. Rd6 Rg7 67. Kf5 Rf7+ 68. Rf6 Rg7 69. Rf8 Ra7 70. Re8 Ra5+ 71. Kf6 Ra6+ 72. Re6 Ra4 73. Re7+ Kh8 74. Kf5 Ra5+ 75. Re5 1-0


[Site "https://www.chess.com"]

[Event "Titled Tuesday Blitz December 20 Early 2022"]
[White "Garcia Brion, Eduardo"]
[Black "Suduvasachmatai"]
[WhiteFideId "2223864"]
[WhiteElo "2175"]
[BlackElo "2110"]
[Result "1-0"]
[Round "08"]
[TimeControl "180+2"]
[Date "2022.12.20"]
[WhiteClock "0:01:51"]
[BlackClock "0:01:09"]

1. d4 d5 2. c4 e6 3. Nc3 c5 4. cxd5 cxd4 5. Qa4+ Bd7 6. Qxd4 exd5 7. Qxd5 Nc6 8. Nf3 Nf6 9. Qb3 Bc5 10. g3 O-O 11. Bg2 Be6 12. Qa4 a6 13. O-O b5 14. Qh4 Be7 15. Ng5 Rc8 16. Nxe6 fxe6 17. Be3 Nd5 18. Qe4 Nxe3 19. Qxe6+ Kh8 20. fxe3 Nb4 21. Rxf8+ Bxf8 22. a3 Nc2 23. Rd1 Qg5 24. Qxc8 Qxe3+ 25. Kh1 1-0


[Site "https://www.chess.com"]

[Event "Titled Tuesday Blitz December 20 Early 2022"]
[White "Garma, Chito"]
[Black "Ibarra Jerez, Jose Carlos"]
[WhiteFideId "5200342"]
[BlackFideId "2226332"]
[WhiteElo "2345"]
[BlackElo "2563"]
[Result "1/2-1/2"]
[Round "08"]
[TimeControl "180+2"]
[Date "2022.12.20"]
[WhiteClock "0:00:06"]
[BlackClock "0:00:03"]

1. Nf3 d6 2. d4 g6 3. e4 Nf6 4. Nc3 Bg7 5. h3 Nc6 6. Be3 a6 7. Qd2 b5 8. Bd3 O-O 9. d5 Na5 10. a4 b4 11. Ne2 c5 12. dxc6 Nxc6 13. Ng3 Bb7 14. Bh6 b3 15. Bxg7 Kxg7 16. cxb3 Qb6 17. O-O Qxb3 18. Rfc1 Rac8 19. Bc4 Qb4 20. Qg5 e6 21. a5 Ne5 22. Nxe5 dxe5 23. b3 Qd6 24. Rd1 Qc7 25. f3 Qc5+ 26. Kh2 Rfd8 27. Rxd8 Rxd8 28. Nh5+ Nxh5 29. Qxd8 Qf2 30. Qd1 Qg3+ 31. Kh1 Nf4 32. Qf1 h5 33. Ra2 h4 34. Qf2 Qg5 35. Rd2 Nh5 36. Kg1 Ng3 37. Rd1 Qf4 38. Qd2 Qf6 39. Qd8 Qf4 40. Qd2 Qf6 41. b4 Bc6 42. Bxa6 Qe7 43. Qd6 Qa7+ 44. Kh2 Qxa6 45. Qxe5+ f6 46. Qc7+ Kh6 47. Qf4+ Kg7 48. Qc7+ Kh6 49. Qf4+ Kg7 50. Qxh4 Nf1+ 51. Kh1 Ne3 52. Re1 Nc2 53. Rc1 Nxb4 54. Qg3 e5 55. Qf2 Nd3 56. Qd2 Nxc1 57. Qxc1 Bb5 58. Qc3 Qc6 59. Qb4 Kf7 60. Kh2 Ba6 61. Qd2 Qc7 62. Qh6 Qxa5 63. Qh7+ Ke6 64. Qxg6 Bf1 65. Qg8+ Ke7 66. Qg7+ Ke6 67. Qg8+ Ke7 68. h4 Qd2 69. Qg7+ Ke6 70. Qg8+ Ke7 71. Qg7+ Ke6 72. h5 Qg5 73. Qxg5 fxg5 74. Kg3 Kf6 75. Kg4 Bxg2 76. h6 Kg6 77. h7 Kxh7 78. Kxg5 Bxf3 79. Kf6 Bxe4 80. Kxe5 1/2-1/2


[Site "https://www.chess.com"]

[Event "Titled Tuesday Blitz December 20 Early 2022"]
[White "GiorgianBarbosa"]
[Black "Jalapeno_Tractor_Schuppen"]
[WhiteElo "2484"]
[BlackElo "2631"]
[Result "0-1"]
[Round "08"]
[TimeControl "180+2"]
[Date "2022.12.20"]
[WhiteClock "0:00:07"]
[BlackClock "0:01:28"]

1. d4 Nf6 2. c4 g6 3. Nc3 Bg7 4. e4 d6 5. Nf3 O-O 6. Be2 e5 7. O-O Nc6 8. d5 Ne7 9. Bd2 Nd7 10. Rc1 f5 11. Ng5 Nf6 12. f3 f4 13. c5 dxc5 14. Nb5 b6 15. Bc4 Kh8 16. d6 cxd6 17. Nf7+ Rxf7 18. Bxf7 a6 19. Nc3 Bb7 20. Be1 Nc6 21. Bd5 Nxd5 22. Nxd5 Nd4 23. b4 Bxd5 24. exd5 Qd7 25. bxc5 dxc5 26. Rb1 b5 27. Bf2 Qxd5 28. Re1 Rd8 29. a4 c4 30. axb5 axb5 31. Qc1 h5 32. Qb2 Rc8 33. Bxd4 exd4 34. Qxb5 Qxb5 35. Rxb5 d3 36. Rd5 c3 37. Rxd3 c2 38. Rd6 c1=Q 39. Rxc1 Rxc1+ 40. Kf2 Kh7 41. g3 Be5 42. Rd7+ Kh6 43. gxf4 Bxf4 44. h4 Rh1 45. Kg2 Rh2+ 46. Kg1 Rxh4 47. Rb7 Rh3 48. Kg2 Rh2+ 49. Kg1 Rd2 50. Rb4 Rd4 51. Rb7 h4 52. Kh1 h3 53. Rb1 Kh5 54. Rg1 g5 55. Rb1 Rc4 56. Rf1 Rc1 57. Rxc1 Bxc1 58. Kh2 Kh4 59. Kh1 Bf4 60. Kg1 Kg3 61. Kh1 Kxf3 62. Kg1 g4 63. Kh1 g3 64. Kg1 Be3+ 65. Kh1 g2+ 0-1


[Site "https://www.chess.com"]

[Event "Titled Tuesday Blitz December 20 Early 2022"]
[White "Giorno, Sven"]
[Black "Ural_bogatyr"]
[WhiteFideId "20645082"]
[WhiteElo "2517"]
[BlackElo "2615"]
[Result "1-0"]
[Round "08"]
[TimeControl "180+2"]
[Date "2022.12.20"]
[WhiteClock "0:00:11"]
[BlackClock "0:00:07"]

1. c4 Nf6 2. Nc3 e6 3. e4 d5 4. cxd5 exd5 5. exd5 Nxd5 6. Bc4 Be6 7. Qf3 Qe7 8. Be2 c6 9. Nh3 Nd7 10. d4 Nb4 11. O-O Nc2 12. Bg5 f6 13. Be3 Nxa1 14. Rxa1 g5 15. d5 g4 16. Qg3 cxd5 17. Nf4 Nb6 18. Bxb6 axb6 19. Ncxd5 Bxd5 20. Nxd5 Qe5 21. Qxe5+ fxe5 22. Nc7+ Kd7 23. Nxa8 Bc5 24. Rd1+ Bd4 25. Nxb6+ Kc6 26. Nc4 b5 27. Ne3 h5 28. b3 Ra8 29. Nc2 Bb2 30. Nb4+ Kc7 31. Bxb5 Kb6 32. Bc4 Bd4 33. Nd5+ Kc5 34. a4 Rf8 35. Ne3 h4 36. Nxg4 Kb4 37. Ne3 Kc3 38. h3 Rb8 39. a5 Rb7 40. a6 Rg7 41. Ra1 Ra7 42. Ra4 Kd2 43. Bf1 Rf7 44. Ra2+ Ke1 45. Nc2+ Kd1 46. Nxd4 exd4 47. a7 1-0


[Site "https://www.chess.com"]

[Event "Titled Tuesday Blitz December 20 Early 2022"]
[White "GuessChess_game"]
[Black "Tsyhanchuk_Stanislav"]
[WhiteElo "2424"]
[BlackElo "2335"]
[Result "1-0"]
[Round "08"]
[TimeControl "180+2"]
[Date "2022.12.20"]
[WhiteClock "0:00:13"]
[BlackClock "0:00:22"]

1. d4 d5 2. Nf3 Nf6 3. c4 c6 4. Nc3 dxc4 5. a4 Bf5 6. e3 e6 7. Bxc4 Bb4 8. O-O O-O 9. Qe2 Bg6 10. Ne5 Nbd7 11. Nxg6 hxg6 12. Rd1 Qe7 13. e4 e5 14. d5 Nb6 15. Bb3 a5 16. Be3 Nbd7 17. dxc6 bxc6 18. Qc4 Nc5 19. Bc2 Rac8 20. f3 Ne6 21. Kh1 Rfd8 22. Rxd8+ Qxd8 23. Rd1 Qc7 24. Bb3 Rb8 25. h3 Qb7 26. Ba2 Nd7 27. Qe2 Nb6 28. Bxe6 fxe6 29. Bxb6 Qxb6 30. Qc4 Kf7 31. Rd7+ Kf6 32. f4 Bxc3 33. Qxc3 Qxb2 34. fxe5+ Kg5 35. Qg3+ Kh5 36. Qg4+ Kh6 37. Qh4# 1-0


[Site "https://www.chess.com"]

[Event "Titled Tuesday Blitz December 20 Early 2022"]
[White "HackingKid98"]
[Black "InitiatingASC"]
[WhiteElo "2488"]
[BlackElo "2412"]
[Result "0-1"]
[Round "08"]
[TimeControl "180+2"]
[Date "2022.12.20"]
[WhiteClock "0:00:03"]
[BlackClock "0:00:13"]

1. c4 Nf6 2. g3 e5 3. Bg2 Nc6 4. Nf3 d5 5. cxd5 Nxd5 6. O-O Bc5 7. Nxe5 Nxe5 8. d4 Ng6 9. dxc5 Be6 10. e4 Nb4 11. Nc3 Qe7 12. Qa4+ Nc6 13. Be3 O-O 14. f4 Bd7 15. Nd5 Qd8 16. Rad1 Re8 17. e5 Qc8 18. Qc2 Nce7 19. Nxe7+ Nxe7 20. b4 a5 21. Be4 axb4 22. Bxh7+ Kh8 23. Rd2 Nf5 24. Bxf5 Bxf5 25. Qb2 Qe6 26. Rfd1 Bg4 27. Rc1 Bf3 28. Kf2 Bc6 29. Qxb4 Rxa2 30. Rxa2 Qxa2+ 31. Qd2 Qe6 32. Rd1 Ra8 33. Qe2 Qh3 34. Kg1 Ra3 35. Bd4 Bf3 36. Qf1 Qg4 37. Ra1 Rxa1 38. Bxa1 Bc6 39. Bd4 Qe6 40. h4 Qd5 41. Be3 Qh1+ 42. Kf2 Qf3+ 43. Ke1 Qxe3+ 44. Kd1 Qxg3 45. Qe1 Qxf4 46. e6 fxe6 47. Qxe6 Qd4+ 48. Kc1 Qxh4 49. Qc8+ Kh7 50. Qf5+ Kh6 51. Qe6+ Qf6 52. Qh3+ Kg6 53. Qg4+ Qg5+ 0-1


[Site "https://www.chess.com"]

[Event "Titled Tuesday Blitz December 20 Early 2022"]
[White "Hansch, Karsten"]
[Black "Shironin, Daniil Aleks"]
[WhiteFideId "24692239"]
[BlackFideId "55812198"]
[WhiteElo "2248"]
[BlackElo "2115"]
[Result "1/2-1/2"]
[Round "08"]
[TimeControl "180+2"]
[Date "2022.12.20"]
[WhiteClock "0:00:17"]
[BlackClock "0:00:13"]

1. e4 c5 2. Nf3 d6 3. d4 cxd4 4. Nxd4 Nf6 5. f3 a6 6. c4 b6 7. Nc3 Bb7 8. Be3 Nbd7 9. Qd2 e6 10. Rc1 Be7 11. Be2 O-O 12. O-O Rc8 13. Rfd1 Qc7 14. Bf1 Qb8 15. b4 d5 16. cxd5 exd5 17. Nxd5 Nxd5 18. exd5 Bd6 19. g4 Ne5 20. Be2 Bxd5 21. Rxc8 Rxc8 22. Nf5 Bxf3 23. Nxd6 Rd8 24. Bxa6 Bxd1 25. Qxd1 Qxd6 26. Qxd6 Rxd6 27. Be2 Ng6 28. a4 Re6 29. Kf2 Rf6+ 30. Ke1 Re6 31. Kf2 Ne5 32. a5 bxa5 33. bxa5 Nc6 34. a6 Re7 35. Bc5 Rc7 36. Bb6 Re7 37. Bf3 Na7 38. Bb7 Nb5 39. Bc5 Rc7 40. Bb6 Re7 41. Bc5 Rc7 42. Bb6 Re7 1/2-1/2


[Site "https://www.chess.com"]

[Event "Titled Tuesday Blitz December 20 Early 2022"]
[White "Harry_Rakkel"]
[Black "Slovak_fighter2000"]
[WhiteElo "2611"]
[BlackElo "2466"]
[Result "0-1"]
[Round "08"]
[TimeControl "180+2"]
[Date "2022.12.20"]
[WhiteClock "0:00:02"]
[BlackClock "0:00:04"]

1. e4 c6 2. Nf3 d5 3. d3 Bg4 4. h3 Bh5 5. Qe2 e6 6. g4 Bg6 7. h4 h6 8. Nbd2 Be7 9. h5 Bh7 10. Bg2 Nd7 11. b3 Bf6 12. e5 Bg5 13. O-O Bxd2 14. Bxd2 Ne7 15. a4 b6 16. Nh2 Qc7 17. f4 O-O 18. Rae1 c5 19. Nf3 Rac8 20. Nh4 c4 21. f5 cxd3 22. cxd3 Nc6 23. Bf4 Nd4 24. Qf2 Nxb3 25. f6 Qc5 26. Be3 d4 27. fxg7 Kxg7 28. Bxh6+ Kxh6 29. Qf4+ Kg7 30. Qg5+ Kh8 31. Qh6 Qe7 32. Rf6 Rg8 33. g5 Rg7 34. g6 Rcg8 35. Kh2 Nxf6 36. exf6 Qxf6 37. Nf3 fxg6 38. Ng5 Qf4+ 0-1


[Site "https://www.chess.com"]

[Event "Titled Tuesday Blitz December 20 Early 2022"]
[White "Harsha_Bharathakoti"]
[Black "Fera, Aryanti"]
[BlackFideId "7118988"]
[WhiteElo "2867"]
[BlackElo "1770"]
[Result "0-1"]
[Round "08"]
[TimeControl "180+2"]
[Date "2022.12.20"]
[WhiteClock "0:00:02"]
[BlackClock "0:00:06"]

1. e4 e5 2. Nf3 Nc6 3. Bc4 Bc5 4. c3 Nf6 5. d3 d6 6. a4 a5 7. O-O O-O 8. h3 h6 9. Nbd2 Be6 10. Bxe6 fxe6 11. Re1 Qd7 12. Nf1 Rf7 13. Be3 Bxe3 14. Rxe3 Raf8 15. Qb3 b6 16. Qb5 g5 17. N1h2 Rg7 18. Ng4 h5 19. Nxf6+ Rxf6 20. Nh2 Kh7 21. Rf1 Nb8 22. Qxd7 Nxd7 23. b4 Rf8 24. b5 Nc5 25. d4 Nxa4 26. dxe5 dxe5 27. Nf3 Rd8 28. Nxe5 Nc5 29. Re2 a4 30. Ra1 Rgg8 31. f3 Kg7 32. Kf2 Kf6 33. Nc6 Rd3 34. Rc2 g4 35. hxg4 hxg4 36. Nb4 Rd7 37. Ke3 Rh8 38. Na6 Rd3+ 39. Kf2 gxf3 40. Nxc5 bxc5 41. Rxa4 Rh2 42. Kg3 Rxg2+ 43. Rxg2 fxg2+ 44. Kxg2 Rxc3 45. Ra7 Ke5 46. Rxc7 Kxe4 47. b6 Kd5 48. Kf2 Rb3 49. b7 Kd6 50. Rg7 Kc6 51. Re7 Kd6 52. Rg7 Kc6 53. Re7 Rxb7 54. Rxe6+ Kd5 55. Re8 Kc4 56. Ke2 Rd7 57. Rc8 Kb4 58. Rb8+ Kc3 0-1


[Site "https://www.chess.com"]

[Event "Titled Tuesday Blitz December 20 Early 2022"]
[White "Huda, Maryana"]
[Black "Jovanovic, Dobrica"]
[WhiteFideId "14116553"]
[BlackFideId "928674"]
[WhiteElo "2160"]
[BlackElo "2164"]
[Result "0-1"]
[Round "08"]
[TimeControl "180+2"]
[Date "2022.12.20"]
[WhiteClock "0:00:20"]
[BlackClock "0:00:41"]

1. d4 Nf6 2. c4 e6 3. g3 c5 4. d5 d6 5. Bg2 exd5 6. cxd5 g6 7. Nc3 Bg7 8. e4 O-O 9. Nge2 a6 10. a4 Nbd7 11. O-O Re8 12. f4 Nf8 13. h3 Bd7 14. Qc2 b5 15. e5 dxe5 16. fxe5 Rxe5 17. Bf4 Re8 18. d6 Rb8 19. axb5 axb5 20. Nd5 Ne6 21. Bd2 Nxd5 22. Bxd5 Qb6 23. Rac1 Qxd6 24. Bxe6 Qxe6 25. Nf4 Bd4+ 26. Kg2 Bc6+ 27. Kh2 Qe2+ 28. Nxe2 Rxe2+ 29. Rf2 Rxf2+ 30. Kg1 Rxd2+ 31. Kf1 Rxc2 32. Rxc2 Be4 33. Re2 Bd3 0-1


[Site "https://www.chess.com"]

[Event "Titled Tuesday Blitz December 20 Early 2022"]
[White "Iskusnyh, Sergei"]
[Black "Haimov, Elchanan"]
[WhiteFideId "4120027"]
[BlackFideId "2835916"]
[WhiteElo "2440"]
[BlackElo "1707"]
[Result "0-1"]
[Round "08"]
[TimeControl "180+2"]
[Date "2022.12.20"]
[WhiteClock "0:00:15"]
[BlackClock "0:00:12"]

1. d4 Nf6 2. c4 e5 3. dxe5 Ng4 4. e3 Nxe5 5. Nh3 g6 6. Nc3 Bg7 7. Nf4 O-O 8. Be2 b6 9. O-O Bb7 10. e4 Nbc6 11. Be3 f5 12. exf5 Rxf5 13. Nfd5 Ne7 14. f4 N5c6 15. Bg4 Rf7 16. Qd2 Nf5 17. Bf2 Nce7 18. Rae1 Nxd5 19. Nxd5 h5 20. Bf3 Bc6 21. g3 Rc8 22. Bg2 Qf8 23. b3 Ne7 24. Qd3 Bxd5 25. cxd5 Nf5 26. Re2 Qd6 27. Rfe1 Rcf8 28. Be4 Qf6 29. Qc2 d6 30. Qd3 Kh7 31. Bg2 Qc3 32. Qb1 Bd4 33. Re6 Bxf2+ 34. Kxf2 Qd4+ 35. Kf1 h4 36. Be4 hxg3 37. Bxf5 Rxf5 38. hxg3 Qc3 39. Kg2 Qd2+ 40. R1e2 Qxd5+ 41. Kg1 Qd4+ 42. Kg2 Qd5+ 43. Kg1 Kg7 44. Qb2+ Kf7 45. Qc2 Qxe6 46. Qxc7+ Kf6 47. Qc3+ Kf7 48. Qc7+ Kf6 49. Rxe6+ Kxe6 50. Qxa7 g5 51. Qxb6 gxf4 52. gxf4 Rxf4 53. Qe3+ Kf5 54. Qd3+ Kg4 55. Qg6+ Kf3 56. Kf1 Ke3+ 57. Kg2 Rf2+ 58. Kg1 Rf1+ 59. Kg2 R8f2+ 60. Kh3 Rh1+ 0-1


[Site "https://www.chess.com"]

[Event "Titled Tuesday Blitz December 20 Early 2022"]
[White "Ivan11Martic"]
[Black "Patricks, Anastasia"]
[BlackFideId "7101929"]
[WhiteElo "2528"]
[BlackElo "1778"]
[Result "0-1"]
[Round "08"]
[TimeControl "180+2"]
[Date "2022.12.20"]
[WhiteClock "0:01:12"]
[BlackClock "0:01:35"]

1. Nf3 g6 2. c4 Bg7 3. Nc3 d6 4. d4 Nd7 5. e4 e5 6. Be2 Ngf6 7. O-O O-O 8. Be3 Ng4 9. Bg5 f6 10. Bc1 Nh6 11. Re1 Nf7 12. b4 a5 13. bxa5 Rxa5 14. a4 exd4 15. Nxd4 Nc5 16. Ba3 Re8 17. Bf1 f5 18. Bb4 Ra8 19. Rb1 Nxe4 20. Nxe4 fxe4 21. c5 dxc5 22. Bxc5 b6 23. Bc4 bxc5 24. Qb3 Rf8 25. Nc6 Qf6 26. Rxe4 Qxc6 27. Bd5 Qa6 28. Bxa8 Qxa8 29. Re7 Qc6 30. Rd1 Bf6 31. Re3 Bb7 32. Rf3 Kg7 33. h3 Ng5 34. Rf4 Qxg2# 0-1


[Site "https://www.chess.com"]

[Event "Titled Tuesday Blitz December 20 Early 2022"]
[White "Jacomet Rodriguez, Josep-M."]
[Black "Imperial, Genghis"]
[WhiteFideId "54509815"]
[BlackFideId "5230403"]
[WhiteElo "3034"]
[BlackElo "1812"]
[Result "1-0"]
[Round "08"]
[TimeControl "180+2"]
[Date "2022.12.20"]
[WhiteClock "0:01:06"]
[BlackClock "0:01:18"]

1. Nf3 Nf6 2. b3 g6 3. Bb2 Bg7 4. g3 O-O 5. c4 d6 6. Bg2 e5 7. d3 Re8 8. O-O Nc6 9. e3 h6 10. Nc3 Be6 11. a3 Qd7 12. Re1 Bh3 13. Rc1 Bxg2 14. Kxg2 d5 15. cxd5 Nxd5 16. Ne4 b6 17. Qc2 Nd8 18. Ned2 c5 19. e4 Nc7 20. b4 Nb7 21. Nc4 f6 22. Red1 Rad8 23. bxc5 Nxc5 24. d4 exd4 25. Bxd4 Qe7 26. e5 f5 27. Nd6 Rf8 28. Bxc5 bxc5 29. Qxc5 Ne6 30. Qc4 Kh7 31. Rb1 f4 32. Rb7 Rd7 33. Nf5 Rxb7 34. Nxe7 Rxe7 35. Rd6 Ng5 36. Nxg5+ hxg5 37. Qd3 f3+ 38. Kh3 Rf5 39. g4 Bxe5 40. gxf5 Bxd6 41. Qxd6 1-0


[Site "https://www.chess.com"]

[Event "Titled Tuesday Blitz December 20 Early 2022"]
[White "JohnWhite1952"]
[Black "Larochelle, Martial"]
[BlackFideId "2016311"]
[WhiteElo "1978"]
[BlackElo "2039"]
[Result "0-1"]
[Round "08"]
[TimeControl "180+2"]
[Date "2022.12.20"]
[WhiteClock "0:00:01"]
[BlackClock "0:00:30"]

1. e4 e5 2. Nf3 Nf6 3. d4 Nxe4 4. Bd3 Nc6 5. Bxe4 d5 6. Nxe5 Nxe5 7. dxe5 dxe4 8. Qxd8+ Kxd8 9. O-O Bc5 10. Nc3 Bf5 11. Re1 Ke7 12. Nxe4 Bxe4 13. Rxe4 Rad8 14. Bf4 Ke6 15. Rae1 Rd5 16. a3 b5 17. c4 bxc4 18. Rxc4 a5 19. Rec1 Rhd8 20. h3 Bb6 21. Rc6+ Kf5 22. Bg3 Rd2 23. R6c2 a4 24. Rc4 Rxb2 25. Rxa4 Rdd2 26. Rf4+ Ke6 27. Rf3 Ra2 28. h4 h5 29. Kf1 Bd4 30. a4 c5 31. Rf4 Rxa4 32. Re4 Raa2 33. Ke1 Kd5 34. Rf4 Bxe5 35. Rf5 Re2+ 36. Kf1 f6 37. Bxe5 fxe5 38. Rxh5 Rxf2+ 39. Ke1 Rxg2 40. Kf1 Rh2 41. Kg1 c4 42. Rg5 Rxh4 43. Rxg7 Rf4 44. Rg2 Rxg2+ 45. Kxg2 Kc5 46. Kg3 Kd4 47. Kg2 c3 48. Kg3 Kc4 49. Kg2 Kd3 50. Kg3 c2 51. Re1 Kd2 52. Rxe5 Rc4 53. Rd5+ Kc3 54. Kf3 c1=Q 55. Re5 Qf4+ 0-1


[Site "https://www.chess.com"]

[Event "Titled Tuesday Blitz December 20 Early 2022"]
[White "Karjakin, Sergey"]
[Black "FairChess_on_YouTube"]
[WhiteFideId "14109603"]
[WhiteElo "2747"]
[BlackElo "3072"]
[Result "0-1"]
[Round "08"]
[TimeControl "180+2"]
[Date "2022.12.20"]
[WhiteClock "0:00:01"]
[BlackClock "0:00:07"]

1. Nf3 Nf6 2. d4 d5 3. c4 e6 4. g3 Bb4+ 5. Bd2 Be7 6. Bg2 O-O 7. O-O Nbd7 8. Qc2 c6 9. Bf4 Nh5 10. Bd2 Nhf6 11. Bf4 a5 12. Nbd2 a4 13. e4 Qa5 14. e5 Ne8 15. h4 h6 16. h5 b5 17. c5 b4 18. g4 Ba6 19. Rfe1 f6 20. exf6 Rxf6 21. Bg3 Nc7 22. g5 hxg5 23. Nxg5 Rh6 24. Ndf3 Nf8 25. Qd2 Rxh5 26. Qf4 Bf6 27. Qxc7 Qxc7 28. Bxc7 Bxg5 29. Re5 Nh7 30. Rxe6 Bb5 31. Re5 g6 32. a3 b3 33. Rae1 Bf6 34. Rxh5 gxh5 35. Ne5 Ng5 36. Bd6 Re8 37. Re3 Ne6 38. Rg3+ Kh7 39. Rf3 Kg7 40. Rg3+ Kh7 41. Rf3 Bg7 42. Rf7 Nxd4 43. Nd7 Kg6 44. Re7 Rxe7 45. Bxe7 Ne2+ 46. Kh2 Bxb2 47. Bd6 Bxa3 48. f4 Bb2 49. Bh3 Bd3 50. Nf8+ Kf7 51. Ne6 a3 52. Nd8+ Kg6 0-1


[Site "https://www.chess.com"]

[Event "Titled Tuesday Blitz December 20 Early 2022"]
[White "Kazgildy, Fariza"]
[Black "manitodeplomo"]
[WhiteFideId "13724860"]
[WhiteElo "1189"]
[BlackElo "2639"]
[Result "0-1"]
[Round "08"]
[TimeControl "180+2"]
[Date "2022.12.20"]
[WhiteClock "0:00:04"]
[BlackClock "0:01:05"]

1. e4 g6 2. d4 Bg7 3. Nc3 c5 4. Nf3 Qa5 5. Be3 Nf6 6. e5 Ng4 7. Bf4 Nc6 8. dxc5 Qxc5 9. Qd2 O-O 10. Ne4 Qb6 11. O-O-O Ngxe5 12. Nxe5 Nxe5 13. Nc3 d6 14. Nd5 Qd8 15. h4 h5 16. Be2 Be6 17. Kb1 Rc8 18. f3 Rc5 19. Ne3 Qc7 20. g4 hxg4 21. fxg4 Rc8 22. h5 Qb6 23. b3 Nc6 24. hxg6 Nd4 25. gxf7+ Bxf7 26. Bd3 Bxb3 27. cxb3 Nxb3 28. Bc4+ Rxc4 29. Qd5+ Kf8 30. Nxc4 Rxc4 31. Be3 Nd2# 0-1


[Site "https://www.chess.com"]

[Event "Titled Tuesday Blitz December 20 Early 2022"]
[White "Kildepiotr"]
[Black "RianKapriaga"]
[WhiteElo "2682"]
[BlackElo "2327"]
[Result "1-0"]
[Round "08"]
[TimeControl "180+2"]
[Date "2022.12.20"]
[WhiteClock "0:01:10"]
[BlackClock "0:00:02"]

1. Nf3 d5 2. g3 Nf6 3. Bg2 Bf5 4. O-O e6 5. c4 Na6 6. cxd5 exd5 7. d3 h6 8. Nc3 Be7 9. Qb3 Nc5 10. Qc2 O-O 11. b4 Ne6 12. a3 c6 13. e4 Bh7 14. Re1 Re8 15. Bb2 a6 16. Rad1 Bf8 17. Na4 Nd7 18. exd5 cxd5 19. Ne5 Nxe5 20. Rxe5 Rc8 21. Qe2 Nc7 22. Nb6 Rxe5 23. Qxe5 Rb8 24. Nxd5 Nxd5 25. Bxd5 b5 26. Re1 Bg6 27. h4 Rc8 28. h5 Bh7 29. Bxf7+ Kh8 30. Bg6 Bxg6 31. hxg6 Qxd3 32. Qe6 Rd8 33. Be5 Qd5 34. Qxd5 Rxd5 35. Bf4 Kg8 36. Re6 Rd3 37. Rxa6 Rd5 38. Kg2 Be7 39. Ra8+ Bf8 40. Kf3 h5 41. Ke4 Rd1 42. Rb8 1-0


[Site "https://www.chess.com"]

[Event "Titled Tuesday Blitz December 20 Early 2022"]
[White "Kopylov_Alex"]
[Black "Manukyan_Artak"]
[WhiteElo "2790"]
[BlackElo "2560"]
[Result "1-0"]
[Round "08"]
[TimeControl "180+2"]
[Date "2022.12.20"]
[WhiteClock "0:01:07"]
[BlackClock "0:00:06"]

1. e4 c6 2. Nc3 d5 3. Qe2 d4 4. Nd1 e5 5. d3 Bb4+ 6. c3 Ba5 7. f4 c5 8. Nf3 Nc6 9. Nxe5 Nxe5 10. fxe5 Ne7 11. Bd2 Nc6 12. a3 O-O 13. Rc1 dxc3 14. bxc3 Nxe5 15. Nf2 b6 16. d4 cxd4 17. cxd4 Qxd4 18. Bxa5 bxa5 19. Qd2 Qb6 20. Be2 Rd8 21. Qc3 f6 22. O-O Ba6 23. Bxa6 Qxa6 24. Rfd1 Qb6 25. Qc5 Rxd1+ 26. Nxd1 Nd3 27. Qxb6 axb6 28. Rc7 Nc5 29. Nc3 Re8 30. Nd5 Nxe4 31. Nxb6 Rb8 32. Rc6 h5 33. Kf1 Kh7 34. Ke2 Kg6 35. Kd3 Nf2+ 36. Kd4 Ng4 37. h3 Ne5 38. Rd6 h4 39. a4 Kf5 40. Kc5 g5 41. Kb5 g4 42. hxg4+ Nxg4 43. Kxa5 Ne3 44. Rd2 Rxb6 45. Rf2+ Kg4 46. Kxb6 f5 47. Kc5 Kg3 48. Rf3+ Kxg2 49. Rxe3 f4 50. Re8 f3 51. Rg8+ Kh2 52. Rf8 Kg2 53. a5 h3 54. a6 h2 55. a7 h1=Q 56. a8=Q Qc1+ 57. Kd5 Qd2+ 58. Ke5 Qc3+ 59. Kf4 Qb4+ 60. Kg5 Qc5+ 61. Rf5 Qe3+ 62. Kg4 1-0


[Site "https://www.chess.com"]

[Event "Titled Tuesday Blitz December 20 Early 2022"]
[White "Kucherov, Konstantin"]
[Black "Pastana, Rafael Pedroni"]
[WhiteFideId "34136280"]
[BlackFideId "2140756"]
[WhiteElo "1983"]
[BlackElo "1978"]
[Result "1-0"]
[Round "08"]
[TimeControl "180+2"]
[Date "2022.12.20"]
[WhiteClock "0:00:21"]
[BlackClock "0:00:38"]

1. d4 Nf6 2. c4 e6 3. Nc3 Bb4 4. f3 O-O 5. a3 Be7 6. e4 d5 7. e5 Nfd7 8. c5 b6 9. b4 a5 10. Rb1 axb4 11. axb4 bxc5 12. bxc5 Ba6 13. Bxa6 Rxa6 14. Nge2 f6 15. exf6 Bxf6 16. O-O Nc6 17. f4 Ne7 18. Qd3 Qc8 19. Ng3 c6 20. Re1 Re8 21. Bd2 Ra3 22. Ra1 Qa8 23. Rxa3 Qxa3 24. Rxe6 Rb8 25. Re1 Rb2 26. Nh5 Nxc5 27. Nxf6+ gxf6 28. dxc5 Qxc5+ 29. Be3 Qc4 30. Qxc4 dxc4 31. Bc1 Rc2 32. Ne4 Nd5 33. f5 c3 34. Bh6 Rb2 35. Nd6 Rb8 36. Nc4 c2 37. Kf2 Nb4 38. Ke2 Re8+ 39. Ne3 Na2 40. Kd2 c1=Q+ 41. Rxc1 Nxc1 42. Kxc1 Rd8 43. Kc2 Kf7 44. Bf4 Rd4 45. g3 h5 46. Kc3 Re4 47. Kd3 Ra4 48. Nc4 1-0


[Site "https://www.chess.com"]

[Event "Titled Tuesday Blitz December 20 Early 2022"]
[White "Kukku, Ramesh"]
[Black "Linhart, Wolfgang"]
[WhiteFideId "25695606"]
[BlackFideId "4636244"]
[WhiteElo "1575"]
[BlackElo "2114"]
[Result "1-0"]
[Round "08"]
[TimeControl "180+2"]
[Date "2022.12.20"]
[WhiteClock "0:01:28"]
[BlackClock "0:00:21"]

1. Nc3 g6 2. h4 h5 3. Nh3 Bg7 4. e4 c6 5. d4 d5 6. e5 Bf5 7. Bd3 Qd7 8. Nf4 Nh6 9. Qe2 Bxd3 10. Nxd3 Nf5 11. Be3 Nxe3 12. fxe3 Na6 13. Rf1 f6 14. Qf3 O-O-O 15. Qg3 g5 16. O-O-O Bh6 17. exf6 exf6 18. Rxf6 gxh4 19. Qxh4 Bxe3+ 20. Kb1 Rdf8 21. Ne5 Qd8 22. Qh3+ Kc7 23. Rxf8 Rxf8 24. Qxe3 Qf6 25. a3 Kb8 26. Nd7+ 1-0


[Site "https://www.chess.com"]